 Dungeon Crawl Stone Soup version 0.30-a0-737-gf23d94013f (webtiles) character file.

Game seed: 17665917112496270123

237 jimonade the Covert (level 6, -11/50 HPs)
             Began as a Gnoll Brigand on Feb 3, 2023.
             Mangled by an orc warrior
             ... wielding a +0 battleaxe
              (17 damage)
             ... on level 4 of the Dungeon.
             The game lasted 00:07:25 (2616 turns).

jimonade the Covert (Gnoll Brigand)                 Turns: 2616, Time: 00:07:26

Health: -11/50     AC:  3    Str: 12    XL:     6   Next: 6%
Magic:  8/8        EV: 13    Int: 12    God:
Gold:   316        SH:  0    Dex: 18    Spells: 5/8 levels left

rFire   . . .      SeeInvis .    a - +5 arbalest "Uchuv" {flame, Str+2 Dex+4}
rCold   . . .      Faith    .    (shield currently unavailable)
rNeg    . . .      Spirit   .    k - +0 robe
rPois   .          Reflect  .    (no helmet)
rElec   .          Harm     .    c - +0 cloak
rCorr   .          Rampage  .    (no gloves)
Will    .....                    (no boots)
Stlth   ++++                     (no amulet)
HPRegen 0.28/turn                (no ring)
MPRegen 0.11/turn                (no ring)

@: studying Axes
A: fangs 1, strong nose, distributed training
a: no special abilities


You were on level 4 of the Dungeon.
You visited 1 branch of the dungeon, and saw 4 of its levels.

You collected 316 gold pieces.

Inventory:

Hand Weapons
 a - the +5 arbalest "Uchuv" (weapon) {flame, Str+2 Dex+4}
   (You found it on level 3 of the Dungeon)

   Str:       It affects your strength (+2).
   Dex:       It affects your dexterity (+4).
 b - a +2 dagger
 l - a +0 sling
 t - a +0 hand axe
Missiles
 d - 17 poisoned darts
 e - 3 curare-tipped darts
Armour
 c - a +0 cloak (worn)
 k - a +0 robe (worn)
 r - a +0 tower shield
Scrolls
 f - 2 scrolls of enchant weapon {unknown}
 h - 5 scrolls of identify {unknown}
 m - 3 scrolls of blinking {unknown}
 o - 2 scrolls of noise {unknown}
 p - a scroll of amnesia {unknown}
 v - a scroll of fog {unknown}
Potions
 g - 3 potions of curing {unknown}
 i - 2 potions of brilliance {unknown}
 j - 2 potions of heal wounds {unknown}
 n - 2 potions of magic {unknown}
 q - 2 potions of flight {unknown}
 s - a potion of berserk rage {unknown}
 u - a potion of cancellation {unknown}
 w - a potion of degeneration {unknown}


   Skills:
 + Level 4.9 Fighting
 + Level 4.9 Short Blades
 + Level 1.8 Long Blades
 + Level 2.6 Axes
 + Level 1.8 Maces & Flails
 + Level 1.8 Polearms
 + Level 1.8 Staves
 + Level 1.8 Ranged Weapons
 + Level 4.9 Throwing
 + Level 1.8 Armour
 + Level 3.2 Dodging
 + Level 8.0 Stealth
 + Level 1.8 Shields
 + Level 1.8 Unarmed Combat
 + Level 1.8 Spellcasting
 + Level 1.4 Conjurations
 + Level 1.4 Hexes
 + Level 1.4 Summonings
 + Level 1.4 Necromancy
 + Level 1.4 Translocations
 + Level 1.4 Transmutations
 + Level 1.4 Fire Magic
 + Level 1.4 Ice Magic
 + Level 1.4 Air Magic
 + Level 1.4 Earth Magic
 + Level 1.4 Poison Magic
 + Level 2.0 Invocations
 + Level 1.8 Evocations


You had 5 spell levels left.
You knew the following spells:

 Your Spells              Type           Power      Damage    Failure   Level
a - Wereblood             Tmut           4%         N/A       22%         2
b - Beastly Appendage     Tmut           8%         N/A       16%         1

Your spell library contained the following spells:

 Spells                   Type           Power      Damage    Failure   Level
 Spider Form              Tmut/Pois      4%         N/A       41%         3


Dungeon Overview and Level Annotations

Branches:
Dungeon (4/15)
 Temple: D:4-7

Altars:

Shops:
D:1 *

Annotations:
D:4 1 runed translucent door


Innate Abilities, Weirdness & Mutations

You have very sharp teeth.
Your uncanny sense of smell can sniff out nearby items.
Your experience applies equally to all skills.


Message History

Found a human corpse and a club.
You shoot a bolt. The bolt hits the kobold!
The bolt burns the kobold.
You kill the kobold!
You hear a shout! x3
An orc comes into view. It is wielding a +0 hand axe.
An orc wizard comes into view. It is wielding a +0 dagger.
You shoot a bolt. The bolt hits the orc wizard!!
The bolt burns the orc wizard.
You kill the orc wizard!
An orc comes into view. It is wielding a +0 hand axe.
The orc moves out of view.
You have reached level 6!
You shoot a bolt. The bolt hits the orc!
The bolt burns the orc.
You kill the orc!
You shoot a bolt. The bolt hits the orc warrior!
The bolt burns the orc warrior.
The orc warrior is heavily wounded.
You hear a shout!
The orc warrior hits you with a +0 battleaxe!!
An orc wizard comes into view. It is wielding a +0 dagger.
The orc warrior hits you with a +0 battleaxe!
* * * LOW HITPOINT WARNING * * *
Fire: a) +5 arbalest "Uchuv" {flame, Str+2 Dex+4}
Press: ? - help, Q - select action, (/) - cycle Shift-Dir - straight line, f/p - orc warrior
Aim: an orc warrior, wielding a +0 battleaxe and wearing a +0 chain mail (heavily wounded, 61% to hit)
You shoot a bolt.
The bolt closely misses the orc warrior.
The orc wizard hits you but does no damage.
The orc warrior hits you with a +0 battleaxe!
* * * LOW HITPOINT WARNING * * *
Fire: a) +5 arbalest "Uchuv" {flame, Str+2 Dex+4}
Press: ? - help, Q - select action, (/) - cycle Shift-Dir - straight line, f/p - orc warrior
Aim: an orc warrior, wielding a +0 battleaxe and wearing a +0 chain mail (heavily wounded, 61% to hit)
You shoot a bolt.
The bolt closely misses the orc warrior.
The orc warrior closely misses you.
The orc wizard hits you with a +0 dagger.
* * * LOW HITPOINT WARNING * * *
The orc wizard barely misses you.
The orc warrior hits you with a +0 battleaxe!
You die...

. .. #### ).. #...
####). ∆ #... #o)) ∆
#... +#######o# #...
....?..@o########## ####
...>..............# #..
.............#....# #..
...........).#....# #..
.............##+#######.
#####.............#..##.
#.............+.....
#.............#.....
+.............#.....


You could see an orc warrior, an orc wizard and an orc.

Vanquished Creatures
  A howler monkey (D:4)
  A hound (D:4)
  An orc wizard (D:4)
  4 adders
  2 worms (D:2)
  3 dart slugs
  10 orcs
  5 bats
  5 endoplasms
  4 giant cockroaches
  6 goblins
  7 hobgoblins
  6 jackals
  3 quokkas
  8 ball pythons
  2 frilled lizards (D:1)
  8 kobolds
  6 rats
82 creatures vanquished.

Notes
Turn   | Place    | Note
-------+----------+-------------------------------------------
     0 | D:1      | jimonade the Gnoll Brigand began the quest for the Orb.
     0 | D:1      | Reached XP level 1. HP: 20/20 MP: 1/1
     7 | D:1      | Found Zyasinteepi's General Store.
   118 | D:1      | Reached XP level 2. HP: 23/26 MP: 2/2
   613 | D:1      | Reached XP level 3. HP: 27/31 MP: 3/3
   674 | D:1      | Learned a level 2 spell: Wereblood
   727 | D:2      | Reached skill level 1 in Axes
   768 | D:2      | Reached skill level 1 in Invocations
   802 | D:2      | Reached skill level 1 in Long Blades
   802 | D:2      | Reached skill level 1 in Maces & Flails
   802 | D:2      | Reached skill level 1 in Polearms
   802 | D:2      | Reached skill level 1 in Staves
   802 | D:2      | Reached skill level 1 in Ranged Weapons
   802 | D:2      | Reached skill level 1 in Armour
   802 | D:2      | Reached skill level 1 in Shields
   802 | D:2      | Reached skill level 1 in Unarmed Combat
   802 | D:2      | Reached skill level 1 in Spellcasting
   802 | D:2      | Reached skill level 1 in Evocations
   826 | D:2      | Learned a level 1 spell: Beastly Appendage
  1273 | D:2      | Reached XP level 4. HP: 38/38 MP: 5/5
  1821 | D:3      | Reached skill level 1 in Conjurations
  1821 | D:3      | Reached skill level 1 in Hexes
  1821 | D:3      | Reached skill level 1 in Summonings
  1821 | D:3      | Reached skill level 1 in Necromancy
  1821 | D:3      | Reached skill level 1 in Translocations
  1821 | D:3      | Reached skill level 1 in Transmutations
  1821 | D:3      | Reached skill level 1 in Fire Magic
  1821 | D:3      | Reached skill level 1 in Ice Magic
  1821 | D:3      | Reached skill level 1 in Air Magic
  1821 | D:3      | Reached skill level 1 in Earth Magic
  1821 | D:3      | Reached skill level 1 in Poison Magic
  2132 | D:3      | Identified the +5 arbalest "Uchuv" {flame, Str+2 Dex+4}
  2212 | D:4      | Reached XP level 5. HP: 43/43 MP: 7/7
  2390 | D:4      | Reached skill level 8 in Stealth
  2597 | D:4      | Found a runed translucent door.
  2610 | D:4      | Noticed an orc warrior
  2613 | D:4      | Reached XP level 6. HP: 50/50 MP: 8/8
  2616 | D:4      | Mangled by an orc warrior

Illustrated notes

Levels and vault maps discovered:
D:1:      wander_arrival_desolate, layout_rooms, serial_shops, shop_statue
D:2:      layout_basic
D:3:      layout_rooms, minmay_checkerbox
D:4:      layout_gridville, ebering_ghost_reflecting_pool,
          dreamdust_wishing_well, nicolae_nh_ransacked_shop

Skill      XL: |  1  2  3  4  5 |
---------------+----------------+-----
Axes           | 1 2 |  2.6
Invocations    | 1 2 |  2.0
Long Blades    | 1 |  1.8
Maces & Flails | 1 |  1.8
Polearms       | 1 |  1.8
Staves         | 1 |  1.8
Ranged Weapons | 1 |  1.8
Armour         | 1 |  1.8
Shields        | 1 |  1.8
Unarmed Combat | 1 |  1.8
Spellcasting   | 1 |  1.8
Evocations     | 1 |  1.8
Conjurations   | 1 |  1.4
Hexes          | 1 |  1.4
Summonings     | 1 |  1.4
Necromancy     | 1 |  1.4
Translocations | 1 |  1.4
Transmutations | 1 |  1.4
Fire Magic     | 1 |  1.4
Ice Magic      | 1 |  1.4
Air Magic      | 1 |  1.4
Earth Magic    | 1 |  1.4
Poison Magic   | 1 |  1.4
Dodging        | 3 |  3.2
Stealth        | 8 |  8.0
Fighting       | |  4.9
Short Blades   | |  4.9
Throwing       | |  4.9

Action                     |  1- 3 |  4- 6 || total
---------------------------+-------+-------++-------
  Melee: Dagger            |   124 |    70 ||   194
         Bite              |     7 |     8 ||    15
         Kick              |       |     6 ||     6
         Headbutt          |       |     4 ||     4
         Punch             |       |     1 ||     1
   Fire: Arbalest          |       |    28 ||    28
   Cast: Beastly Appendage |       |     1 ||     1
   Stab: Sleeping          |     6 |     7 ||    13
 Armour: Robe              |    28 |    10 ||    38
  Dodge: Dodged            |    76 |    37 ||   113

Table legend: (Time is in decaauts)
 A = Elapsed time spent in this place.
 B = Non-inter-level travel time spent in this place.
 C = Inter-level travel time spent in this place.
 D = Time resting spent in this place.
 E = Time spent auto-exploring this place.
 F = Levels seen in this place.
 G = Mean time per level.
                   A        B        C        D        E       F      G
               +--------+--------+--------+--------+--------+-----+--------+
         Total |   2588 |   2491 |     97 |      0 |   1922 |   4 |  647.0 |
       Dungeon |   2588 |   2491 |     97 |      0 |   1922 |   4 |  647.0 |
               +--------+--------+--------+--------+--------+-----+--------+

Top non-repeatable levels by time:
     D:2: 979 daAuts
     D:1: 680 daAuts
     D:3: 496 daAuts
     D:4: 432 daAuts
